Map: Catalyst LE

Players

Cuddlebear - Winner!

  • Race: Terran Terran
  • Spawn Location: 5:00

Dolan

  • Race: Terran Terran
  • Spawn Location: 11:00

Event: WCS Austin 2018

VOD

Have the link to the VOD?

Description

Time

  • Played on: June 1, 2018, 2:44 p.m.
  • Length: 9:58

All games in this series

Show
View Real Time Build Order
Export as new Build Order

Cuddlebear Terran - Winner!

Build Orders: 1/1/1, Cyclone Opening, MMM Bio 

Get SALT Encoding   

  12  0:00  SCV  
  13  0:12  SCV  
  14  0:21  Supply Depot  
  14  0:25  SCV  
  14  0:28  Refinery  
  15  0:42  SCV  
  16  0:48  Barracks  
  16  0:54  SCV  
  17  0:58  Refinery  
  17  1:06  SCV  
  18  1:18  SCV  
  20  1:36  Orbital Command  
  20  1:37  Factory  
  19  1:40  Reaper  
  20  1:52  Supply Depot  
  20  2:02  SCV  
  21  2:12  Reaper  
  21  2:14  SCV  
  23  2:24  Starport  
  23  2:26  SCV  
  23  2:28  Hellion  
  26  2:38  SCV  
  27  2:46  Barracks Reactor  
  27  2:49  Supply Depot  
  27  2:50  SCV  
  28  2:53  Liberator, Cyclone  
  31  3:03  Supply Depot  
  34  3:25  SCV  
  33  3:38  Command Center  
  33  3:47  Cyclone  
  36  3:53  Cyclone  
  39  4:01  Viking  
  41  4:08  Engineering Bay  
  41  4:28  SCV  
  29  4:47  Missile Turret  
  29  4:48  SCV  
  30  4:55  Liberator  
  30  4:59  Orbital Command  
  30  5:00  SCV  
  31  5:12  SCV  
  35  5:23  Cyclone  
  35  5:25  SCV  
  39  5:31  Cyclone  
  39  5:33  SCV  
  43  5:37  SCV  
  44  5:45  SCV  
  44  5:46  Supply Depot  
  44  5:49  SCV  
  46  5:50  Barracks Tech Lab  
  46  5:57  SCV  
  46  6:01  SCV  
  48  6:09  Stimpack, SCV  
  48  6:11  Factory Reactor  
  49  6:12  Barracks  
  49  6:13  Barracks, SCV  
  49  6:14  Marine  
  51  6:21  Bunker, SCV  
  52  6:25  Supply Depot, SCV  
  52  6:32  Marine  
  51  6:34  SCV  
  51  6:38  SCV  
  47  6:44  Terran Infantry Weapons Level 1  
  47  6:47  Starport, SCV  
  48  6:49  Liberator  
  48  6:50  Marine, SCV  
  47  6:59  SCV  
  47  7:00  Marine x2, Factory Tech Lab  
  50  7:02  SCV  
  50  7:07  Marine  
  50  7:08  Marine  
  57  7:11  Refinery x2, SCV  
  58  7:16  Supply Depot  
  58  7:17  Marine  
  58  7:18  Marine, SCV  
  58  7:19  Siege Tank  
  58  7:21  Marine  
  64  7:23  SCV  
  64  7:25  Marine  
  66  7:36  Marine x3  
  69  7:37  Starport Reactor  
  69  7:40  SCV x2  
  69  7:41  Marine  
  69  7:43  Marine  
  71  7:52  SCV  
  71  7:54  Marine x2  
  71  7:55  Liberator  
  71  7:56  Marine  
  74  7:59  Marine, Siege Tank  
  74  8:03  Marine  
  74  8:04  SCV  
  80  8:11  Marine  
  80  8:12  Armory  
  84  8:13  Engineering Bay  
  84  8:14  Marine  
  84  8:18  Supply Depot, Marine  
  86  8:28  Combat Shields  
  86  8:34  Supply Depot  
  86  8:38  Medivac, Marine x2  
  84  8:42  Marine x2  
  84  8:43  Medivac  
  84  8:47  Marine  
  87  8:56  Marine x2  
  87  9:00  Marine x2  
  91  9:06  Marine  
  91  9:13  Marine  
  91  9:15  Command Center, Siege Tank  
  91  9:16  Marine  
  96  9:18  SCV  
  94  9:28  SCV  
  94  9:29  Marine x3  
  100  9:32  Marine  
  100  9:34  Marine  
  102  9:47  Supply Depot  
  102  9:48  Supply Depot  
  102  9:50  Supply Depot  
Show
View Real Time Build Order
Export as new Build Order

Dolan Terran 

Build Orders: 1/1/1, Cyclone Opening 

Get SALT Encoding   

  12  0:00  SCV  
  13  0:14  SCV  
  14  0:17  Supply Depot  
  14  0:26  SCV  
  14  0:28  Refinery  
  15  0:38  SCV  
  16  0:45  Barracks  
  16  0:50  SCV  
  16  0:55  Refinery  
  17  1:03  SCV  
  18  1:15  SCV  
  19  1:32  Orbital Command  
  19  1:34  Reaper  
  19  1:37  Factory  
  20  1:58  SCV  
  21  2:06  Reaper, Supply Depot  
  22  2:10  SCV  
  23  2:25  Starport  
  23  2:27  Cyclone, SCV  
  27  2:35  Supply Depot  
  27  2:39  Barracks Tech Lab  
  27  2:41  SCV  
  28  2:53  SCV  
  28  2:57  Supply Depot  
  29  3:00  Cyclone  
  33  3:05  SCV  
  33  3:11  Banshee  
  36  3:17  SCV  
  35  3:32  Cyclone  
  38  3:43  Command Center  
  38  3:51  SCV  
  38  3:54  Supply Depot  
  39  3:58  Raven  
  41  4:19  SCV  
  41  4:31  SCV  
  39  4:43  SCV, Viking  
  39  4:54  Barracks Reactor  
  39  4:55  SCV  
  40  5:09  SCV  
  40  5:11  Orbital Command  
  41  5:21  SCV  
  41  5:23  Siege Tank  
  45  5:31  Marine x2  
  45  5:32  Viking  
  45  5:34  SCV  
  50  5:36  SCV  
  51  5:46  SCV  
  51  5:49  Marine x2, SCV  
  55  5:55  Siege Tank  
  58  6:00  SCV  
  58  6:01  Supply Depot, SCV  
  60  6:06  Command Center  
  58  6:25  Starport Reactor  
  58  6:26  Barracks  
  58  6:27  Barracks, Barracks Tech Lab  
  55  6:42  Siege Tank  
  55  6:48  SCV x2  
  57  7:00  Marine  
  57  7:01  Stimpack  
  58  7:02  SCV x2  
  58  7:05  Engineering Bay  
  58  7:06  Engineering Bay  
  58  7:07  Refinery  
  58  7:08  Refinery, Supply Depot  
  60  7:10  Starport Reactor  
  60  7:13  Supply Depot  
  60  7:14  SCV  
  60  7:15  Marine x2, SCV  
  64  7:22  Orbital Command  
  64  7:26  SCV  
  64  7:27  SCV  
  66  7:35  Marine  
  66  7:36  Marine x4  
  71  7:39  Siege Tank  
  74  7:52  Orbital Command, SCV x2  
  74  7:56  Terran Infantry Weapons Level 1, Terran Infantry Armor Level 1  
  76  7:58  Medivac  
  76  7:59  Marine x5  
  78  8:07  SCV x2  
  76  8:17  Marine x5  
  76  8:19  SCV  
  82  8:33  SCV x2  
  82  8:34  SCV  
  84  8:40  Marine x4  
  84  8:41  Marine  
  68  8:46  SCV x2  
  65  8:54  SCV  
  66  8:58  SCV  
  66  8:59  SCV  
  68  9:03  Marine x5  
  68  9:09  Sensor Tower  
  73  9:13  SCV x3  
  74  9:25  SCV x2  
  71  9:47  Barracks  
Tags
 
Add a new tag
Caveats
  • Supply blocks, unpowered buildings, or Contaminate may cause inaccurate times.
  • Supply counts are checked every 10 seconds.